 Dungeon Crawl Stone Soup version 0.28.0-53-g5a82cb258f (webtiles) character file.

Game seed: 12561930383677662028

5 Descartes the Grasshopper (level 1, 0/16 HPs)
             Began as a Formicid Warper on June 6, 2022.
             Killed from afar by a dart slug (3 damage)
             ... with a slug dart
             ... on level 1 of the Dungeon.
             The game lasted 00:00:19 (306 turns).

Descartes the Grasshopper (Formicid Warper)          Turns: 306, Time: 00:00:19

Health: 0/16       AC:  3    Str: 15    XL:     1   Next: 88%
Magic:  3/3        EV: 11    Int: 12    God:
Gold:   15         SH:  0    Dex: 10    Spells: 4/4 levels left

rFire   . . .      SeeInvis +   a - +0 mace
rCold   . . .      Faith    .   (no shield)
rNeg    . . .      Spirit   .   b - +0 leather armour
rPois   .          Reflect  .   (helmet unavailable)
rElec   .          Harm     .   (no cloak)
rCorr   .          Rampage  .   (no gloves)
Will    .....                   (no boots)
Stlth   +.........              (no amulet)
HPRegen 0.05/turn               (no ring)
MPRegen 0.08/turn               (no ring)

@: no status effects
A: permanent stasis, dig shafts and tunnels, antennae 3, four strong arms
a: Dig, Shaft Self


You were on level 1 of the Dungeon.
You visited 1 branch of the dungeon, and saw 1 of its levels.

You collected 15 gold pieces.

Inventory:

Hand Weapons
 a - a +0 mace (weapon)
Missiles
 c - 5 boomerangs of dispersal (quivered)
Armour
 b - a +0 leather armour (worn)
Scrolls
 e - a scroll of identify {unknown}
Potions
 d - a potion of flight {unknown}


   Skills:
 + Level 2.2 Fighting
 + Level 2.1 Maces & Flails
 + Level 1.0 Throwing
 + Level 1.2 Armour
 + Level 1.8 Dodging
 + Level 2.2 Spellcasting
 + Level 2.7 Translocations


You had 4 spell levels left.
You didn't know any spells.
Your spell library contained the following spells:

 Spells                   Type           Power      Damage    Failure   Level
 Gell's Gravitas          Tloc           8%         N/A       30%         3
 Lesser Beckoning         Tloc           8%         N/A       30%         3
 Teleport Other           Tloc           8%         N/A       30%         3
 Manifold Assault         Tloc           8%         N/A       96%         5
 Blink                    Tloc           Unusable   N/A       N/A         2

Dungeon Overview and Level Annotations

Branches:
Dungeon (1/15)

Altars:


Innate Abilities, Weirdness & Mutations

You cannot be hasted, slowed, berserked, paralysed or teleported.
You can dig through walls and to a lower floor.
You have a pair of large antennae on your head. (SInv)
Your four strong arms can wield two-handed weapons with a shield.


Message History

A dart slug comes into view.
The rat bites you. The hobgoblin barely misses you.
You hit the giant cockroach but do no damage.
The giant cockroach bites you. The rat bites you.
The giant cockroach bites you but does no damage.
The hobgoblin hits you.
You are too injured to fight recklessly!
You are too injured to fight recklessly!
You are too injured to fight recklessly!
You are too injured to fight recklessly!
You are too injured to fight recklessly!
You are too injured to fight recklessly!
You are too injured to fight recklessly!
You are too injured to fight recklessly!
You are too injured to fight recklessly!
You are too injured to fight recklessly!
You are too injured to fight recklessly!
You are too injured to fight recklessly!
You are too injured to fight recklessly!
Unknown command.
The giant cockroach bites you.
* * * LOW HITPOINT WARNING * * *
The giant cockroach barely misses you. The hobgoblin barely misses you.
The rat bites you.
* * * LOW HITPOINT WARNING * * *
You see here a jackal skeleton.
You barely miss the rat. The rat closely misses you. The rat misses you.
You hit the rat but do no damage. The rat bites you but does no damage.
You hit the rat.
The rat is heavily wounded.
The rat bites you but does no damage.
The dart slug briefly extends its eye-stalks.
You hit the rat.
You kill the rat!
You hit the dart slug.
The dart slug is heavily wounded.
The dart slug launches a dart at you. The slug dart hits you.
You die...

################
...#...........#
.#.............#############
.>#.............@wg.........
................##Bw.##.....
..#..........#..##...#...w..
..#....................w....
..#..≈≈≈.≈≈≈.....#..........
.#..≈≈.....≈≈....#..........
...≈≈..8....≈≈...#..........
..≈≈.........≈≈..#..........
..≈.....♣.....≈.............


You could see 2 dart slugs, a giant cockroach and a hobgoblin.

Vanquished Creatures
  An endoplasm (D:1)
  2 jackals (D:1)
  A bat (D:1)
  A rat (D:1)
5 creatures vanquished.

Notes
Turn   | Place    | Note
-------+----------+-------------------------------------------
     0 | D:1      | Descartes the Formicid Warper began the quest for the Orb.
     0 | D:1      | Reached XP level 1. HP: 16/16 MP: 3/3
   306 | D:1      | Killed from afar by a dart slug

Illustrated notes

Levels and vault maps discovered:
D:1:      moated_graveyard_arrival, layout_basic

Action                   || total
-------------------------++-------
Melee: Mace              ||    23
Armor: Leather armour    ||    13
Dodge: Dodged            ||    22
